 Dungeon Crawl Stone Soup version 0.31-a0-542-gdc2a67831c (webtiles) character file.

Game seed: 16973383106922652328

6244 GordonOverkill the Fighter (level 10, -2/60 HPs)
             Began as a Vine Stalker Delver on Aug 14, 2023.
             Was a Believer of Vehumet.
             Slain by a ghost moth (shapeshifter) (11 damage)
             ... on level 8 of the Dungeon.
             The game lasted 00:20:20 (5801 turns).

GordonOverkill the Fighter (Vine Stalker Delver)    Turns: 5801, Time: 00:20:20

Health: -2/60      AC:  7    Str: 16      XL:     10   Next: 93%
Magic:  0/17       EV: 12    Int: 13 (14) God:    Vehumet [**....]
Gold:   220        SH:  5    Dex: 13 (15) Spells: 13/18 levels left

rFire   . . .        r - +1 spear (flame)
rCold   . . .        (no shield)
rNeg    . . .        D - +1 robe {Will+}
rPois   .            (no helmet)
rElec   .            (no cloak)
rCorr   .            y - +0 pair of gloves
SInv    .            s - +2 pair of boots
Will    ++...        u - amulet of reflection
Stlth   +++          f - +4 ring of slaying
HPRegen 1.10/turn    (no ring)
MPRegen 0.15/turn

%: reflection, guardian spirit
@: studying 2 skills
A: fangs 3, regeneration 1, magic shield, antimagic bite, no potion heal 2
a: Renounce Religion


You were on level 8 of the Dungeon.
You worshipped Vehumet.
Vehumet was pleased with you.
You visited 2 branches of the dungeon, and saw 9 of its levels.

You collected 340 gold pieces.
You spent 120 gold pieces at shops.

Inventory:

Hand Weapons
 r - a +1 spear of flaming (weapon)
Missiles
 i - 3 poisoned darts
 x - 4 boomerangs
Armour
 b - a +0 leather armour
 m - a +0 chain mail
 s - a +2 pair of boots (worn)
 y - a +0 pair of gloves (worn)
 D - a +1 robe of willpower (worn)
Jewellery
 f - a +4 ring of slaying (left hand)
 u - an amulet of reflection (around neck)
Wands
 g - a wand of digging (7)
Scrolls
 d - a scroll of revelation
 e - a scroll of immolation
 l - 3 scrolls of teleportation
 n - a scroll of fear
 o - a scroll of noise {unknown}
 p - 7 scrolls of blinking
 v - 2 scrolls of enchant armour {unknown}
 z - a scroll of silence {unknown}
Potions
 a - a potion of mutation
 h - 5 potions of curing
 j - 3 potions of enlightenment
 q - 2 potions of brilliance
 t - a potion of magic
 w - 3 potions of lignification


   Skills:
 + Level 10.3 Fighting
 - Level 1.7 Maces & Flails
 + Level 8.4 Polearms
 - Level 2.0 Throwing
 - Level 1.5 Dodging
 - Level 6.0 Stealth
 + Level 4.5 Spellcasting
 - Level 7.0 Conjurations
 - Level 3.0 Ice Magic
 - Level 7.0 Air Magic
 - Level 3.0 Evocations


You had 13 spell levels left.
You knew the following spells:

 Your Spells              Type           Power      Damage    Failure   Level
a - Ozocubu's Armour      Ice            10%        N/A       17%         3
b - Static Discharge      Conj/Air       42%        2-4/arc   1%          2

Your spell library contained the following spells:

 Spells                   Type           Power      Damage    Failure   Level
 Momentum Strike          Conj/Tloc      24%        3d8       7%          2
 Slow                     Hex            8%         N/A       21%         1
 Blink                    Tloc           4%         N/A       30%         2
 Lesser Beckoning         Tloc           4%         N/A       30%         2
 Freezing Cloud           Conj/Ice/Air   8%         6-21      47%         5
 Confusing Touch          Hex            2%         N/A       52%         3
 Vampiric Draining        Necr           2%         2d6       52%         3
 Summon Ice Beast         Ice/Summ       6%         N/A       71%         4
 Metabolic Englaciation   Hex/Ice        3%         N/A       96%         5
 Simulacrum               Ice/Necr       3%         N/A       100%        6
 Chain Lightning          Conj/Air       10%        3d14      100%        9


Dungeon Overview and Level Annotations

Branches:
Dungeon (8/15)             Temple (1/1) D:5
   Lair: D:8-11

Altars:
Ashenzari
Cheibriados
Elyvilon
Fedhas
Gozag
Hepliaklqana
Kikubaaqudgha
Makhleb
Nemelex Xobeh
Okawaru
Qazlal
Ru
Sif Muna
Trog
Uskayaw
Vehumet
Wu Jian
Xom
Yredelemnul
Zin
The Shining One

Shops:
D:3 [[((


Innate Abilities, Weirdness & Mutations

You have razor-sharp teeth.
Your natural rate of healing is unusually fast.
When hurt, damage is shared between your health and your magic reserves.
Your bite disrupts and absorbs the magic of your enemies.
Potions cannot restore your health.


Message History

You throw a poisoned dart. The poisoned dart hits the bunyip.
Casting: Static Discharge (safe; 1% risk of failure)
Confirm with . or Enter, or press ? or * to list all spells.
A film of ice covers your body!
Throw: throwing net
Press: ? - help, Q - select action, (/) - cycle Shift-Dir - straight line, f/p - bunyip
Aim: a bunyip (67% to hit)
You throw a throwing net.
The throwing net barely misses the bunyip.
The bunyip changes into something you cannot see!
Unknown command.
You feel you are being watched by something.
You feel your power leaking away. Something hits you but does no damage.
Deactivating autopickup; reactivate with Ctrl-A.
Something hits you!
Something stings you but does no damage.
Unknown command.
You hit something. You burn something. Your bite misses something.
Something hits you but does no damage. x2; Something stings you.
You feel clumsy.
Your icy armour cracks and falls away as you move.
Something hits you. x2
Something stings you but does no damage.
Something hits you!
* * * LOW HITPOINT WARNING * * *
Something hits you.
* * * LOW HITPOINT WARNING * * *
You feel dopey.
Something stings you but does no damage.
You feel you are being watched by something.
You feel your power leaking away.
You feel you are being watched by something.
Something hits you!
* * * LOW HITPOINT WARNING * * *
You feel clumsy. Something hits you.
* * * LOW HITPOINT WARNING * * *
Something stings you!
You die...

... #...#####..###
#.###$#.# #....# #
#!?.$$#.. # #..#.# # #
#. ###.##### #.#..#.#
..#. .. #.....# #.#..#..
...###.#.###.# #....#.#
...#....# ...#...#..#.#
#.####.# ###.###..#.#
#....@.# .. #<†#.#
##.##### ## #.....
#.##.# #.##<. #....#
##.##.. ####.#####.##
#..##.. #######.........
.#.....
........########.###.#.#
.... #######.# ##.#
##..# .o.# #># #.## ##..


There were no monsters in sight!

Vanquished Creatures
  2 two-headed ogres (D:8)
  Pikel (D:7)
  A manticore (D:8)
  Prince Ribbit (D:5)
  Grinder (D:3)
  A wraith (D:8)
  A steam dragon (D:7)
  Menkaure (D:4)
  Edmund (D:4)
  2 water moccasins (D:8)
  4 sky beasts
  3 ice beasts
  2 black bears
  2 ogres
  A phantom (D:6)
  3 centaurs
  2 kobold brigands
  3 bullfrogs
  3 scorpions
  4 wights (D:5)
  A killer bee (D:8)
  8 jellies
  A gnoll bouda (D:7)
  8 orc priests
  3 hounds
  5 iguanas
  Ijyb (D:3)
  7 orc wizards
  5 gnolls (D:7)
  10 adders
  2 ufetubi
  2 worms
  4 dart slugs
  27 orcs
  5 endoplasms
  3 giant cockroaches (D:4)
  4 goblins
  11 hobgoblins
  7 jackals
  18 kobolds
  4 quokkas
  6 ball pythons
  9 bats
  3 frilled lizards
  11 rats
204 creatures vanquished.

Notes
Turn   | Place    | Note
-------+----------+-------------------------------------------
     0 | D:5      | GordonOverkill the Vine Stalker Delver began the quest for
                  | the Orb.
     0 | D:5      | Reached XP level 1. HP: 11/11 MP: 2/2
     1 | D:5      | Noticed an ogre
     9 | D:5      | Noticed a hound
    34 | D:6      | Reached skill level 3 in Fighting
    34 | D:6      | Reached XP level 2. HP: 2/16 MP: 1/3
   122 | D:7      | Noticed a steam dragon
   125 | D:7      | Noticed a kobold brigand
   147 | D:6      | Noticed an ice beast
   167 | D:6      | Noticed a phantom
   193 | D:5      | Reached skill level 1 in Throwing
   193 | D:5      | Reached XP level 3. HP: 19/21 MP: 4/4
   218 | D:5      | HP: 1/21 [iguana (9)]
   220 | D:5      | Gained mutation: Your natural rate of healing is unusually
                  | fast. [Vine Stalker growth]
   220 | D:5      | Reached XP level 4. HP: 2/25 MP: 0/5
   225 | D:5      | Noticed a scorpion
   421 | D:2      | Reached skill level 4 in Fighting
   500 | D:2      | Reached skill level 1 in Spellcasting
   637 | D:1      | Found a faded altar of an unknown god.
   668 | D:1      | Reached XP level 5. HP: 29/29 MP: 5/8
  1320 | D:3      | Identified a scroll of acquirement
  1321 | D:3      | Acquired a manual of Fighting
  1408 | D:3      | Found Pioquij's Antique Armour Boutique.
  1423 | D:3      | Found Teoniwk's Armour Boutique.
  1423 | D:3      | Noticed Ijyb
  1435 | D:3      | Killed Ijyb
  1488 | D:3      | Reached skill level 1 in Polearms
  1488 | D:3      | Reached XP level 6. HP: 32/34 MP: 9/11
  1699 | D:3      | Found Gefiapur's Weapon Shop.
  1842 | D:3      | Found Lepnase's Weapon Shop.
  1929 | D:3      | Bought a pair of glowing boots for 120 gold pieces
  2024 | D:4      | Noticed Grinder
  2039 | D:3      | Killed Grinder
  2040 | D:3      | Reached skill level 1 in Evocations
  2056 | D:4      | Reached skill level 5 in Fighting
  2064 | D:4      | Got Sif Muna's Handbook of the Charged Mob
  2096 | D:4      | Reached XP level 7. HP: 39/39 MP: 13/13
  2124 | D:4      | Noticed Menkaure
  2131 | D:4      | Killed Menkaure
  2278 | D:4      | Noticed Edmund
  2293 | D:4      | Killed Edmund
  2294 | D:4      | Reached skill level 1 in Conjurations
  2294 | D:4      | Reached skill level 1 in Ice Magic
  2294 | D:4      | Reached skill level 1 in Air Magic
  2405 | D:4      | Found a hazy altar of Hepliaklqana.
  2851 | D:5      | Noticed Prince Ribbit
  2862 | D:5      | Gained mutation: You have razor-sharp teeth. [Vine Stalker
                  | growth]
  2862 | D:5      | Reached XP level 8. HP: 44/44 MP: 12/15
  2885 | D:5      | Killed Prince Ribbit
  2886 | D:5      | Reached skill level 6 in Fighting
  3212 | D:6      | Reached skill level 7 in Fighting
  3452 | D:6      | Reached XP level 9. HP: 44/50 MP: 12/16
  3582 | D:5      | Reached skill level 8 in Fighting
  3906 | Temple   | Entered the Ecumenical Temple
  3950 | Temple   | Became a worshipper of Vehumet
  4373 | D:7      | Reached skill level 5 in Conjurations
  4393 | D:7      | Reached skill level 5 in Air Magic
  4465 | D:7      | Reached skill level 9 in Fighting
  4466 | D:7      | Noticed Pikel
  4565 | D:7      | Reached * piety under Vehumet
  4565 | D:7      | Offered knowledge of Foxfire by Vehumet.
  4789 | D:7      | Reached XP level 10. HP: 49/58 MP: 17/17
  5054 | D:7      | Killed Pikel
  5055 | D:7      | Reached skill level 10 in Fighting
  5071 | D:7      | Learned a level 3 spell: Ozocubu's Armour
  5324 | D:8      | Noticed a two-headed ogre
  5328 | D:8      | a hog changed into an entropy weaver
  5328 | D:8      | Noticed an entropy weaver (shapeshifter)
  5417 | D:8      | Identified the +5 quarterstaff of the End {spect, rElec
                  | Stlth+}
  5458 | D:8      | Noticed a two-headed ogre
  5469 | D:8      | Killed a two-headed ogre
  5470 | D:8      | Reached skill level 5 in Polearms
  5487 | D:8      | Noticed a two-headed ogre
  5487 | D:8      | Noticed a manticore
  5492 | D:8      | Killed a manticore
  5599 | D:8      | Offered knowledge of Static Discharge by Vehumet.
  5603 | D:8      | Learned a level 2 spell: Static Discharge
  5653 | D:8      | Reached ** piety under Vehumet
  5746 | D:8      | Noticed a two-headed ogre
  5762 | D:8      | Killed a two-headed ogre
  5786 | D:8      | Noticed a broodmother
  5788 | D:8      | Noticed a bunyip
  5792 | D:8      | a bunyip changed into something unseen
  5801 | D:8      | Slain by a ghost moth (shapeshifter)

Illustrated notes

Levels and vault maps discovered:
D:1:      heliophobic_arrival_battle_scene, layout_rooms,
          hellmonk_ecumenical_altar_zigzags
D:2:      layout_rooms
D:3:      layout_loops_ring, serial_shops, nicolae_shop_real_fake_doors,
          nicolae_shop_pleasant_corner_grove, nicolae_shop_statue_plus,
          nicolae_shop_tiny_waterfront, minmay_door_square, uniq_ijyb
D:4:      layout_basic, mainiacjoe_overflow_small_starburst, uniq_menkaure,
          uniq_grinder, uniq_edmund
D:5:      layout_rooms, minmay_temple_entry_tees, kennysheep_generic_room_16,
          uniq_prince_ribbit1
D:6:      layout_rooms, kennysheep_generic_room_12
D:7:      layout_loops_ring, minmay_checkerbox, uniq_pikel
D:8:      cheibrodos_barr_body, layout_loops_ring,
          chequers_serial_rivers_micro_a, nicolae_doodle_vault
Temple:   mainiacjoe_temple_cubbyholes

Skill      XL: |  1  2  3  4  5  6  7  8  9 10 |
---------------+-------------------------------+-----
Fighting       | 3 4 5 7 9 10 | 10.3
Throwing       | 1 2 |  2.0
Spellcasting   | 1 3 4 |  4.5
Polearms       | 1 2 3 8 |  8.4
Evocations     | 1 2 3 |  3.0
Conjurations   | 1 3 5 7 |  7.0
Ice Magic      | 1 3 |  3.0
Air Magic      | 1 3 5 7 |  7.0
Maces & Flails | |  1.7
Dodging        | |  1.5
Stealth        | |  6.0

Action                     |  1- 3 |  4- 6 |  7- 9 | 10-12 || total
---------------------------+-------+-------+-------+-------++-------
  Melee: Mace              |    26 |    84 |       |       ||   110
         Bite              |     9 |    26 |   102 |    30 ||   167
         Punch             |       |     1 |     3 |       ||     4
         Spear             |       |    61 |   337 |    95 ||   493
  Throw: Dart              |       |     6 |     6 |    10 ||    22
         Throwing net      |       |       |       |     1 ||     1
   Cast: Static Discharge  |       |       |       |     5 ||     5
         Ozocubu's Armour  |       |       |       |     1 ||     1
  Evoke: Wand              |       |       |     2 |     2 ||     4
    Use: Potion            |     1 |       |     1 |     1 ||     3
         Scroll            |       |     6 |     7 |     6 ||    19
   Stab: Sleeping          |       |     3 |       |     3 ||     6
         Distracted        |       |       |       |     2 ||     2
 Armour: Leather armour    |     3 |    10 |       |       ||    13
         Chain mail        |       |    74 |   121 |     4 ||   199
         Robe              |       |       |       |    28 ||    28
  Dodge: Dodged            |    24 |    59 |    60 |    39 ||   182
  Block: Other             |       |       |    55 |    17 ||    72
         Reflection        |       |       |     3 |     2 ||     5

Table legend: (Time is in decaauts)
 A = Elapsed time spent in this place.
 B = Non-inter-level travel time spent in this place.
 C = Inter-level travel time spent in this place.
 D = Time resting spent in this place.
 E = Time spent auto-exploring this place.
 F = Levels seen in this place.
 G = Mean time per level.
                   A        B        C        D        E       F      G
               +--------+--------+--------+--------+--------+-----+--------+
         Total |   5803 |   5274 |    529 |    398 |   3031 |   9 |  644.8 |
       Dungeon |   5716 |   5272 |    444 |    398 |   3031 |   8 |  714.5 |
        Temple |     86 |      2 |     84 |      0 |      0 |   1 |   86.0 |
               +--------+--------+--------+--------+--------+-----+--------+

Top non-repeatable levels by time:
     D:7: 955 daAuts
     D:6: 915 daAuts
     D:5: 827 daAuts
     D:3: 807 daAuts
     D:4: 693 daAuts
     D:8: 535 daAuts
     D:1: 520 daAuts
     D:2: 461 daAuts
  Temple: 86 daAuts
